 Dungeon Crawl Stone Soup version 0.17-a0-2073-gde5cdba (webtiles) character file.

106 admarant the Skirmisher (level 4, 0/40 HPs)
             Began as a Centaur Berserker on Oct 14, 2015.
             Was a Priest of Trog.
             Slain by a sky beast (5 damage)
             ... on level 4 of the Dungeon.
             The game lasted 00:12:18 (3176 turns).

admarant the Skirmisher (Centaur Berserker)         Turns: 3176, Time: 00:12:20

Health: 0/40       AC: 10    Str: 21    XL:     4   Next: 55%
Magic:  4/4        EV:  4    Int:  6    God:    Trog [***...]
Gold:   46         SH:  0    Dex:  8    Spells: 0 memorised, 3 levels left

rFire  . . .     SeeInvis .     a - +0 spear
rCold  . . .     Clarity  .     s - +0 plate armour
rNeg   . . .     SustAt   .     (no shield)
rPois  .         Gourm    .     o - +0 helmet
rElec  .         Spirit   .     (no cloak)
rCorr  .         Warding  .     (no gloves)
rMut   .         Stasis   .     (no barding)
MR     .....                    (no amulet)
Stlth  ..........               (no ring)
                                (no ring)

@: very quick, not resistant to hostile enchantments, extremely unstealthy
A: hooves 3, deformed body, speed 2, tough skin 3
a: Burn Spellbooks, Berserk, Trog's Hand, Renounce Religion


You were on level 4 of the Dungeon.
You worshipped Trog.
Trog was most pleased with you.
You were hungry.

You visited 1 branch of the dungeon, and saw 4 of its levels.

You collected 46 gold pieces.

Inventory:

Hand Weapons
 a - a +0 spear (weapon)
 x - a cursed -2 trident
Armour
 o - a +0 helmet (worn)
 s - a +0 plate armour (worn)
Scrolls
 e - a scroll of remove curse
 f - 3 scrolls of identify
 i - 2 scrolls of teleportation
 l - a scroll of blinking
 n - a scroll of magic mapping
Potions
 b - a potion of haste {unknown}
 d - 2 potions of curing
 g - a potion of poison {unknown}
 h - 2 potions of agility {unknown}
 j - 2 potions of might {unknown}
 k - a potion of ambrosia {unknown}
 m - a potion of invisibility {unknown}
 p - a potion of flight {unknown}
 q - 2 potions of brilliance
 r - 2 potions of magic {unknown}
 t - a potion of resistance
Comestibles
 c - 2 bread rations
 u - a meat ration
 v - 3 fruits


   Skills:
 * Level 4.2 Fighting
 * Level 3.6 Polearms
 * Level 2.0 Armour
 - Level 1.3 Dodging


You had 3 spell levels left.
You didn't know any spells.

Dungeon Overview and Level Annotations

Branches:
Dungeon (4/15)
 Temple: D:4-7

Altars:


Innate Abilities, Weirdness & Mutations

You have hooves in place of feet.
Armour fits poorly on your strangely shaped body.
You cover ground very quickly.
You have extremely tough skin (AC +3).


Message History

The sky beast hits you but does no damage.
You closely miss the sky beast. You kick the sky beast.
The sky beast is almost dead.
The sky beast barely misses you.
You hit the sky beast. Your kick misses the sky beast.
The sky beast is almost dead.
You hit the sky beast. Your kick misses the sky beast.
The sky beast is almost dead.
The sky beast hits you but does no damage.
You barely miss the sky beast. Your kick misses the sky beast.
The sky beast is almost dead.
The sky beast barely misses you.
You hit the sky beast but do no damage.
The sky beast is almost dead.
The sky beast flickers out of sight!
Deactivating autopickup; reactivate with Ctrl-A.
Something hits you.
* * * LOW HITPOINT WARNING * * *
Something shocks you.
You die...

#..#.............
#..+.............
#..#.............
#####.#.............
#...#.#####...####..
#...'.....+...+ ..
#...#..(..#...#
#...#######
#..##@....... #.
#{..>.... #
+........ #........
#........ ...##+###
...+ ...#


There were no monsters in sight!

Vanquished Creatures
  2 adders
  An ooze (D:1)
  3 worms
  2 giant geckos (D:1)
  5 orcs
  9 bats
  5 goblins (D:2)
  8 hobgoblins
  2 quokkas
  2 ball pythons
  4 giant cockroaches
  4 giant newts
  13 kobolds
  A quokka skeleton (D:4)
  7 rats
68 creatures vanquished.

Notes
Turn   | Place    | Note
--------------------------------------------------------------
     0 | D:1      | admarant the Centaur Berserker began the quest for the Orb.
     0 | D:1      | Reached XP level 1. HP: 19/19 MP: 1/1
   473 | D:1      | Reached XP level 2. HP: 26/26 MP: 2/2
   847 | D:1      | Reached ** piety under Trog
  1049 | D:2      | Reached XP level 3. HP: 25/31 MP: 3/3
  1117 | D:1      | HP: 1/33 [poisoned by an adder]
  1145 | D:2      | HP: 1/33 [kobold/whip (5)]
  2079 | D:2      | Reached XP level 4. HP: 38/40 MP: 4/4
  2495 | D:3      | Reached skill level 4 in Fighting
  2730 | D:3      | Reached *** piety under Trog
  3145 | D:4      | Noticed a sky beast
  3176 | D:4      | Slain by a sky beast

Vault maps used:
D:1:      minmay_arrival_stone_box, minmay_curled_crystal
D:4:      hangedman_feature_mirror, uniq_sigmund

Action                   |  1- 3 |  4- 6 || total
-------------------------+-------+-------++-------
Melee: Spear             |   179 |   110 ||   289
  Use: Scroll            |     2 |     5 ||     7
       Potion            |     2 |     1 ||     3
  Eat: Chunk             |     3 |     2 ||     5
